[ AOE2 MATCH · #505301621 ]
UnrankedMongols vs Mapuche
Player's team · WIN
Rival team · LOSS
[ REPLAY ANALYSIS · EXTRACTED FROM THE RECORDED GAME ]
Feudal
12:23
Castle
15:58
Imperial
28:26
| APM avg | 46.6 |
| APM peak | 108 |
| eAPM avg | 23.0 |
| Villagers / military | 115 / 40 |
Focus
⚔️ 28.3% · 🌾 71.7%
Steppe Lancer ×33 · Monk ×4 · Trebuchet (Packed) ×3
Feudal
13:42
Castle
17:18
Imperial
24:42
| APM avg | 37.8 |
| APM peak | 78 |
| eAPM avg | 21.8 |
| Villagers / military | 78 / 38 |
Focus
⚔️ 34.5% · 🌾 65.5%
Skirmisher ×22 · Bolas Rider ×6 · Trebuchet (Packed) ×6 · Kona ×3 · Monk ×1
Match map
Initial resources + every placement click. Lines = walls · curves = elevation contours. ◆ gold · ⬟ stone · ● berries · ✦ relic · ◌ wall gap
Your base· ✓ Closed at 15:58 · 25t walls · 1 gate(s)
addro94's base· ✓ Closed at 17:18 · 16t walls · no gate
Smoothed initial terrain · ◌ = detected wall gap · hover for details
Inputs per minute
— Dziamdziak - - addro94
Build order — Dziamdziak
First 150 of 314 actions detected
| 0:00 | Queue | Villager (Male) |
| 0:01 | Queue | Villager (Male) |
| 0:02 | Build | House |
| 0:02 | Build | House |
| 0:13 | Queue | Villager (Male) |
| 0:13 | Queue | Villager (Male) |
| 1:13 | Research | Loom |
| 1:24 | Queue | Villager (Male) |
| 1:24 | Queue | Villager (Male) |
| 1:50 | Queue | Villager (Male) |
| 1:51 | Queue | Villager (Male) |
| 2:28 | Queue | Villager (Male) |
| 3:14 | Queue | Villager (Male) |
| 3:24 | Build | House |
| 3:27 | Queue | Villager (Male) |
| 3:57 | Build | Palisade Wall |
| 4:11 | Queue | Villager (Male) |
| 4:37 | Build | Palisade Wall |
| 4:44 | Queue | Villager (Male) |
| 4:55 | Build | Palisade Wall |
| 4:57 | Build | Palisade Wall |
| 5:07 | Queue | Villager (Male) |
| 5:33 | Queue | Villager (Male) |
| 5:46 | Build | House |
| 6:00 | Queue | Villager (Male) |
| 6:04 | Build | Mill |
| 6:24 | Queue | Villager (Male) |
| 6:48 | Queue | Villager (Male) |
| 6:55 | Build | House |
| 7:18 | Queue | Villager (Male) |
| 7:19 | Queue | Villager (Male) |
| 7:48 | Build | Lumber Camp |
| 8:01 | Queue | Villager (Male) |
| 8:01 | Queue | Villager (Male) |
| 8:22 | Queue | Villager (Male) |
| 8:52 | Queue | Villager (Male) |
| 9:16 | Build | House |
| 9:25 | Build | House |
| 9:46 | Queue | Villager (Male) |
| 9:48 | Research | Feudal Age |
| 9:48 | Research | Feudal Age |
| 9:57 | Build | Mill |
| 10:30 | Build | Mining Camp |
| 11:39 | Queue | Villager (Male) |
| 11:39 | Queue | Villager (Male) |
| 12:23 | Age | Feudal Age |
| 12:26 | Build | Market |
| 12:30 | Build | Blacksmith |
| 12:54 | Build | Mining Camp |
| 13:10 | Research | Double-Bit Axe |
| 13:10 | Research | Double-Bit Axe |
| 13:18 | Research | Castle Age |
| 13:18 | Research | Castle Age |
| 13:38 | Research | Horse Collar |
| 13:45 | Build | Farm |
| 14:10 | Build | Palisade Gate |
| 14:15 | Queue | Villager (Male) |
| 14:16 | Build | Farm |
| 14:38 | Build | Stone Wall |
| 14:42 | Build | Stone Wall |
| 14:45 | Build | Stone Wall |
| 14:46 | Build | Stone Wall |
| 14:49 | Build | Stone Wall |
| 14:55 | Build | Stone Wall |
| 14:55 | Build | Stone Wall |
| 15:00 | Build | Stone Wall |
| 15:01 | Build | Stone Wall |
| 15:02 | Build | Stone Wall |
| 15:03 | Build | Stone Wall |
| 15:10 | Build | Outpost |
| 15:58 | Age | Castle Age |
| 16:03 | Build | Town Center |
| 16:11 | Research | Bow Saw |
| 16:14 | Research | Heavy Plow |
| 16:17 | Queue | Villager (Male) |
| 16:40 | Queue | Villager (Male) |
| 16:50 | Build | Farm |
| 17:02 | Queue | Villager (Male) |
| 17:04 | Queue | Villager (Male) |
| 17:07 | Build | Farm |
| 17:12 | Queue | Villager (Male) |
| 17:27 | Build | Farm |
| 17:30 | Queue | Villager (Male) |
| 17:31 | Queue | Villager (Male) |
| 17:35 | Build | Farm |
| 17:41 | Queue | Villager (Male) |
| 17:57 | Build | Farm |
| 18:00 | Build | Farm |
| 18:08 | Queue | Villager (Male) |
| 18:15 | Queue | Villager (Male) |
| 18:26 | Queue | Villager (Male) |
| 18:43 | Build | Town Center |
| 18:48 | Queue | Villager (Male) |
| 18:48 | Queue | Villager (Male) |
| 18:51 | Build | Farm |
| 18:58 | Build | Farm |
| 19:00 | Queue | Villager (Male) |
| 19:12 | Build | Farm |
| 19:17 | Build | Farm |
| 19:27 | Research | Wheelbarrow |
| 19:32 | Research | Town Watch |
| 19:34 | Queue | Villager (Male) |
| 19:37 | Build | House |
| 19:38 | Build | House |
| 19:42 | Build | House |
| 19:43 | Build | House |
| 19:48 | Build | Farm |
| 19:51 | Queue | Villager (Male) |
| 20:06 | Build | Farm |
| 20:08 | Build | Farm |
| 20:14 | Queue | Villager (Male) |
| 20:14 | Queue | Villager (Male) |
| 20:19 | Build | Farm |
| 20:27 | Build | Farm |
| 20:35 | Build | House |
| 20:39 | Build | House |
| 20:41 | Build | House |
| 20:42 | Queue | Villager (Male) |
| 20:45 | Queue | Villager (Male) |
| 20:57 | Build | Farm |
| 20:59 | Build | Farm |
| 20:59 | Build | Farm |
| 21:04 | Queue | Villager (Male) |
| 21:05 | Queue | Villager (Male) |
| 21:13 | Build | Farm |
| 21:16 | Build | House |
| 21:18 | Queue | Villager (Male) |
| 21:19 | Queue | Villager (Male) |
| 21:34 | Build | Monastery |
| 21:41 | Build | House |
| 21:43 | Queue | Villager (Male) |
| 21:43 | Queue | Villager (Male) |
| 21:44 | Queue | Villager (Male) |
| 21:44 | Queue | Villager (Male) |
| 21:46 | Build | House |
| 21:48 | Build | Stone Wall |
| 21:48 | Build | Stone Wall |
| 21:51 | Build | Stone Wall |
| 21:53 | Build | Stone Wall |
| 21:53 | Build | Stone Wall |
| 21:56 | Queue | Villager (Male) |
| 21:58 | Build | Farm |
| 21:59 | Build | Farm |
| 22:07 | Queue | Villager (Male) |
| 22:10 | Build | Farm |
| 22:14 | Build | Farm |
| 22:16 | Queue | Monk |
| 22:26 | Queue | Villager (Male) |
| 22:26 | Queue | Villager (Male) |
| 22:29 | Queue | Villager (Male) |
Build order — addro94
First 150 of 173 actions detected
| 0:00 | Queue | Villager (Male) |
| 0:00 | Queue | Villager (Male) |
| 0:00 | Queue | Villager (Male) |
| 0:02 | Build | House |
| 0:02 | Build | House |
| 0:18 | Queue | Villager (Male) |
| 0:46 | Research | Loom |
| 0:47 | Queue | Villager (Male) |
| 0:51 | Queue | Villager (Male) |
| 1:29 | Build | Palisade Wall |
| 1:30 | Queue | Villager (Male) |
| 2:28 | Queue | Villager (Male) |
| 3:04 | Queue | Villager (Male) |
| 3:40 | Queue | Villager (Male) |
| 4:07 | Queue | Villager (Male) |
| 4:42 | Queue | Villager (Male) |
| 4:52 | Build | Palisade Wall |
| 5:12 | Queue | Villager (Male) |
| 5:41 | Queue | Villager (Male) |
| 5:48 | Build | Settlement |
| 6:07 | Queue | Villager (Male) |
| 6:31 | Queue | Villager (Male) |
| 6:53 | Queue | Villager (Male) |
| 7:13 | Queue | Villager (Male) |
| 7:33 | Queue | Villager (Male) |
| 7:42 | Build | Settlement |
| 7:57 | Queue | Villager (Male) |
| 8:09 | Build | Settlement |
| 8:10 | Queue | Villager (Male) |
| 8:24 | Queue | Villager (Male) |
| 8:25 | Queue | Villager (Male) |
| 8:52 | Queue | Villager (Male) |
| 9:29 | Build | Settlement |
| 10:05 | Queue | Villager (Male) |
| 10:19 | Queue | Villager (Male) |
| 10:53 | Build | Settlement |
| 11:04 | Queue | Villager (Male) |
| 11:14 | Queue | Villager (Male) |
| 11:29 | Research | Feudal Age |
| 12:34 | Queue | Villager (Male) |
| 12:35 | Queue | Villager (Male) |
| 13:42 | Age | Feudal Age |
| 13:44 | Build | Market |
| 13:46 | Build | Blacksmith |
| 13:50 | Research | Double-Bit Axe |
| 14:01 | Queue | Villager (Male) |
| 14:08 | Build | Stone Wall |
| 14:19 | Queue | Villager (Male) |
| 14:26 | Build | Stone Wall |
| 14:38 | Research | Castle Age |
| 14:43 | Build | Outpost |
| 15:10 | Research | Horse Collar |
| 15:44 | Queue | Villager (Male) |
| 15:50 | Build | Farm |
| 15:53 | Build | Farm |
| 15:56 | Build | Farm |
| 16:07 | Build | Farm |
| 16:11 | Build | Farm |
| 16:20 | Build | Farm |
| 16:32 | Build | Farm |
| 16:43 | Queue | Villager (Male) |
| 17:08 | Queue | Villager (Male) |
| 17:18 | Age | Castle Age |
| 17:20 | Build | Monastery |
| 17:28 | Build | Farm |
| 17:31 | Build | Farm |
| 17:37 | Queue | Villager (Male) |
| 17:43 | Build | Farm |
| 17:53 | Queue | Villager (Male) |
| 18:09 | Build | Farm |
| 18:10 | Queue | Monk |
| 18:23 | Build | Farm |
| 18:27 | Build | Farm |
| 18:30 | Queue | Villager (Male) |
| 19:16 | Queue | Villager (Male) |
| 19:17 | Queue | Villager (Male) |
| 19:38 | Research | Bow Saw |
| 19:53 | Build | Castle |
| 19:57 | Build | House |
| 20:08 | Research | Town Watch |
| 20:22 | Queue | Villager (Male) |
| 20:58 | Queue | Villager (Male) |
| 21:03 | Build | House |
| 21:32 | Research | Imperial Age |
| 21:48 | Research | Fletching |
| 22:05 | Queue | Villager (Male) |
| 22:13 | Build | Settlement |
| 22:26 | Research | Bodkin Arrow |
| 22:54 | Research | Padded Archer Armor |
| 23:39 | Research | Malon |
| 23:40 | Research | Malon |
| 23:59 | Queue | Skirmisher ×5 |
| 24:17 | Build | Farm |
| 24:26 | Queue | Villager (Male) |
| 24:42 | Age | Imperial Age |
| 24:43 | Queue | Trebuchet (Packed) |
| 24:53 | Queue | Skirmisher |
| 24:53 | Queue | Skirmisher |
| 24:54 | Queue | Skirmisher |
| 24:54 | Queue | Skirmisher |
| 24:55 | Queue | Skirmisher |
| 25:01 | Queue | Villager (Male) |
| 25:04 | Research | Padded Archer Armor |
| 25:19 | Queue | Skirmisher |
| 25:19 | Queue | Skirmisher |
| 25:20 | Queue | Skirmisher |
| 25:27 | Queue | Villager (Male) |
| 25:58 | Queue | Trebuchet (Packed) |
| 26:01 | Queue | Villager (Male) |
| 26:23 | Queue | Villager (Male) |
| 26:27 | Research | Leather Archer Armor |
| 26:36 | Queue | Villager (Male) |
| 26:56 | Queue | Trebuchet (Packed) |
| 26:57 | Queue | Villager (Male) |
| 27:45 | Queue | Trebuchet (Packed) |
| 28:05 | Queue | Villager (Male) |
| 28:05 | Queue | Villager (Male) |
| 28:20 | Build | Castle |
| 28:59 | Queue | Villager (Male) |
| 29:06 | Research | Elite Skirmisher (upgrade) |
| 29:06 | Research | Elite Skirmisher (upgrade) |
| 29:07 | Queue | Skirmisher ×4 |
| 29:18 | Queue | Villager (Male) |
| 29:32 | Research | Ring Archer Armor |
| 29:40 | Queue | Skirmisher ×5 |
| 30:28 | Queue | Villager (Male) |
| 30:32 | Queue | Villager (Male) |
| 30:34 | Queue | Villager (Male) |
| 30:40 | Queue | Villager (Male) |
| 30:51 | Queue | Kona ×3 |
| 31:14 | Build | Settlement |
| 31:41 | Queue | Villager (Male) |
| 31:58 | Queue | Villager (Male) |
| 32:11 | Build | Barracks |
| 32:12 | Queue | Villager (Male) |
| 32:44 | Queue | Villager (Male) |
| 32:50 | Build | Archery Range |
| 32:51 | Build | Archery Range |
| 32:51 | Build | Archery Range |
| 32:52 | Build | Archery Range |
| 32:54 | Queue | Villager (Male) |
| 33:10 | Queue | Trebuchet (Packed) |
| 33:44 | Build | Palisade Wall |
| 33:47 | Build | House |
| 33:47 | Queue | Villager (Male) |
| 33:52 | Queue | Villager (Male) |
| 33:59 | Build | Town Center |
| 33:59 | Queue | Villager (Male) |
| 34:00 | Queue | Villager (Male) |
| 34:11 | Build | Town Center |
Match timeline
| 1:29 | addro94 · wall_segment Palisade Wall x8 |
| 3:57 | Dziamdziak · wall_segment Palisade Wall x2 |
| 4:37 | Dziamdziak · wall_segment Palisade Wall x3 |
| 4:52 | addro94 · wall_segment Palisade Wall x1 |
| 4:55 | Dziamdziak · wall_segment Palisade Wall x1 |
| 4:57 | Dziamdziak · wall_segment Palisade Wall x9 |
| 12:23 | Dziamdziak · age_up feudal |
| 13:42 | addro94 · age_up feudal |
| 14:08 | addro94 · wall_segment Stone Wall x1 |
| 14:26 | addro94 · wall_segment Stone Wall x8 |
| 14:38 | Dziamdziak · wall_segment Stone Wall x2 |
| 14:42 | Dziamdziak · wall_segment Stone Wall x1 |
| 14:45 | Dziamdziak · wall_segment Stone Wall x1 |
| 14:46 | Dziamdziak · wall_segment Stone Wall x1 |
| 14:49 | Dziamdziak · wall_segment Stone Wall x1 |
| 14:55 | Dziamdziak · wall_segment Stone Wall x1 |
| 14:55 | Dziamdziak · wall_segment Stone Wall x1 |
| 15:00 | Dziamdziak · wall_segment Stone Wall x1 |
| 15:01 | Dziamdziak · wall_segment Stone Wall x1 |
| 15:02 | Dziamdziak · wall_segment Stone Wall x1 |
| 15:03 | Dziamdziak · wall_segment Stone Wall x1 |
| 15:58 | Dziamdziak · age_up castle |
| 17:18 | addro94 · age_up castle |
| 17:20 | addro94 · first_building Monastery |
| 18:55 | Dziamdziak · first_market_buy 100 food |
| 19:53 | addro94 · first_building Castle |
| 20:18 | addro94 · first_market_sell 100 food |
| 21:34 | Dziamdziak · first_building Monastery |
| 21:48 | Dziamdziak · wall_segment Stone Wall x1 |
| 21:48 | Dziamdziak · wall_segment Stone Wall x1 |
| 21:51 | Dziamdziak · wall_segment Stone Wall x1 |
| 21:53 | Dziamdziak · wall_segment Stone Wall x1 |
| 21:53 | Dziamdziak · wall_segment Stone Wall x1 |
| 24:38 | Dziamdziak · first_market_sell 100 wood |
| 24:42 | addro94 · age_up imperial |
| 24:42 | Dziamdziak · first_building Barracks |
| 25:00 | Dziamdziak · first_building Castle |
| 25:35 | Dziamdziak · first_building Stable |
| 28:26 | Dziamdziak · age_up imperial |
| 32:11 | addro94 · first_building Barracks |
| 32:43 | addro94 · first_market_buy 500 wood |
| 32:50 | addro94 · first_building Archery Range |
| 33:44 | addro94 · wall_segment Palisade Wall x1 |
| 34:40 | addro94 · wall_segment Palisade Wall x1 |
| 34:44 | addro94 · wall_segment Palisade Wall x1 |
| 34:46 | addro94 · wall_segment Palisade Wall x1 |
| 34:48 | addro94 · wall_segment Palisade Wall x1 |
| 35:15 | addro94 · wall_segment Palisade Wall x1 |
| 36:06 | addro94 · resign |
[ AI ANALYSIS · 1 CREDIT ]
What really happened in this match?
Wolo.gg analyzes every decision: build order, eco, micro, common mistakes by bracket. Personalized analysis on WhatsApp or Discord in 30 seconds.
Civ guide
Mongols
Perfil
Jugador #879956